AoeStats
← E-d-d-i-e91G

Black Forest

510074969Analyzed
2v2 RM · 4d ago on Sep 29, 2026· 51m 50s· 4 players
Game mode
Random Map
Map size
Medium (4 player)
Population
200
Speed
Normal
Resources
Standard
Victory
Conquest
Starting age
Dark Age
Ending age
Imperial Age
RankedLock teamsTeams togetherTeam positionsShared explorationLock speedFull tech treeHidden civsTurbo modeCheats
Victory
Defeat
🇹🇷 Vietnamese · Türkiye
492
+13
🇹🇷 Cumans · Türkiye
492
+13
🇦🇺 Britons · Australia
434
-13
🇦🇺 Shu · Australia
433
-13
E-d-d-i-e91G
15:57 Feudal Age
17:50 Horse Collar
17:59 Double-Bit Axe
18:10 Gold Mining
19:33 Arson
20:30 Wheelbarrow
19:52 Loom
19:54 Man-at-Arms
24:41 Fletching
25:58 Scale Mail Armor
26:13 Forging
26:05 Padded Archer Armor
27:05 Town Watch
30:39 Castle Age
28:36 Stone Mining
32:04 Heavy Plow
32:05 Bodkin Arrow
32:28 Chain Mail Armor
32:30 Leather Archer Armor
31:41 Crossbowman
32:31 Thumb Ring
34:19 Hand Cart
35:08 Gambesons
35:26 Squires
41:04 Imperial Age
41:13 Capped Ram
45:50 Arbalester
46:37 Bracer
IAMASTROMAN9714
15:16 Feudal Age
16:47 Wheelbarrow
19:49 Horse Collar
19:56 Fishing Lines
21:16 Double-Bit Axe
23:27 Horse Collar
24:52 Gold Mining
30:58 Castle Age
28:53 Stone Mining
31:02 Padded Archer Armor
30:53 Fletching
30:29 Man-at-Arms
32:14 Long Swordsman
32:40 Gambesons
33:07 Husbandry
36:17 Squires
38:41 Bow Saw
39:45 Pikeman
Brawistr
10:49 Feudal Age
12:27 Horse Collar
17:07 Double-Bit Axe
21:54 Gold Mining
25:03 Castle Age
23:24 Stone Mining
25:43 Wheelbarrow
26:44 Hand Cart
27:48 Bow Saw
28:18 Gold Shaft Mining
27:51 Heavy Plow
28:14 Bloodlines
28:05 Capped Ram
29:31 Caravan
30:41 Scale Barding Armor
30:53 Forging
30:48 Padded Archer Armor
30:42 Fletching
34:36 Imperial Age
32:24 Steppe Husbandry
35:16 Siege Ram
36:35 Elite Kipchak
36:52 Elite Steppe Lancer
39:46 Cuman Mercenaries
İdealist
13:08 Feudal Age
14:30 Wheelbarrow
13:43 Horse Collar
13:53 Double-Bit Axe
20:43 Gold Mining
20:44 Stone Mining
24:35 Castle Age
22:52 Forging
22:33 Fletching
22:44 Scale Mail Armor
22:50 Scale Barding Armor
22:45 Padded Archer Armor
25:34 Hand Cart
25:09 Pikeman
25:49 Squires
25:53 Husbandry
26:05 Bloodlines
26:04 Thumb Ring
26:39 Bow Saw
27:14 Stone Shaft Mining
27:22 Caravan
29:36 Town Watch
29:39 Loom
34:11 Imperial Age
33:33 Coinage
33:23 Chatras
33:50 Leather Archer Armor
33:37 Bodkin Arrow
36:33 Two-Man Saw
36:18 Paper Money
37:50 Ring Archer Armor
38:09 Town Patrol
38:59 Guilds
39:34 Heavy Plow
41:08 Banking
41:07 Chain Barding Armor
40:51 Bracer
41:33 Ballistics
42:17 Chemistry
41:21 Elite Rattan Archer
44:27 Plate Barding Armor
44:27 Iron Casting
44:09 Chain Mail Armor
44:04 Elite Battle Elephant
Connection lost

Rejoining the realm…

Still unreachable

The connection could not be restored.

Session expired

The server has moved on; the page needs a fresh start.